Cogmind - Beta 17 @@@ ROGUE MODE // 2026.07.17 @ 18:14:17 Player: Back to the Scrapyard Result: Destroyed by 4J-ORQ(R) with Subdweller Machine Gun Performance ------------- Evolutions (0) 0 Regions Visited (2) 400 Robots Destroyed (14) 70 Value Destroyed (467) 467 Prototype IDs (14) 280 Alien Tech Used (0) 0 Bonus (0) 0 TOTAL SCORE: 1217 Bonus ------- None Cogmind --------- Core Integrity 0/250 Matter 260/300 Energy 170/200 System Corruption 0% Temperature Cool (0) Movement Rolling (110) Location -10/Subcaves Parts ------- > --- POWER (1) -------- Subdweller Power Source > --- PROPULSION (2) --- Subdweller Monowheel > --- UTILITY (2) ------ (None) > --- WEAPON (2) ------- Powered Cannon > --- INVENTORY (5) ---- Subdweller Machine Gun Makeshift Shrapnel Gun Subdweller Shrapnel Launcher Peak State ------------ > --- POWER ------------ Subdweller Power Source > --- PROPULSION ------- Subdweller Monowheel Subdweller Monowheel > --- UTILITY ---------- Scrap Shield > --- WEAPON ----------- Subdweller Machine Gun Makeshift Shrapnel Gun > --- INVENTORY -------- Subdweller Power Source Powered Cannon Subdweller Machine Gun Subdweller Shrapnel Launcher [Rating: 18] Favorites ----------- Power Subdweller Power Source Engine Subdweller Power Source Propulsion Subdweller Monowheel Treads Light Treads Leg Aluminum Leg Wheel Subdweller Monowheel Utility Scrap Shield Device Seismic Detector Storage Medium Storage Unit Protection Scrap Shield Weapon Subdweller Machine Gun Energy Gun EM Pulse Gun Ballistic Gun Subdweller Machine Gun Ballistic Cannon Battle Cannon Build | -11 -10 -10 ------- Run | Yrd Mat Sub Slots Evolved . | . . . Power . | . . . Propulsion . | . . . Utility . | . . . Weapon . | . . . Parts Attached 24 | 7 1 16 Power 5 | 1 . 4 Engine 5 | 1 . 4 Core . | . . . Reactor . | . . . Propulsion 7 | 2 . 5 Treads 2 | . . 2 Leg 2 | 2 . . Wheel 3 | . . 3 Hover . | . . . Flight . | . . . Utility 5 | 2 1 2 Device 1 | 1 . . Storage 2 | 1 1 . Processor . | . . . Hackware . | . . . Protection 2 | . . 2 Artifact . | . . . Weapon 7 | 2 . 5 Energy Gun 2 | 2 . . Energy Cannon 1 | . . 1 Ballistic Gun 2 | . . 2 Ballistic Cannon 2 | . . 2 Launcher . | . . . Special Weapon . | . . . Impact Weapon . | . . . Slashing Weapon . | . . . Piercing Weapon . | . . . Special Melee Weapon . | . . . Unidentified Prototypes . | . . . Parts Lost 9 | . . 9 Power 2 | . . 2 Propulsion 3 | . . 3 Utility 2 | . . 2 Weapon 2 | . . 2 Highest Loss Streak 4 | . . 4 To Critical Strikes . | . . . Average Backups 5 | 3 7 5 Power 1 | . 1 1 Propulsion . | 1 2 . Utility . | . 1 . Weapon 2 | 1 1 3 Tool/Special . | . . . Unused Backups 6 | . . 6 Power 1 | . . 1 Propulsion . | . . . Utility 1 | . . 1 Weapon 4 | . . 4 Tool/Special . | . . . Average Slot Usage (%) 89 | . 100 87 Engine 13 | . 14 13 Treads 7 | . . 8 Leg 4 | . 28 . Wheel 14 | . . 17 Device 4 | . 14 2 Storage 6 | . 14 5 Protection 9 | . . 11 Energy Gun 8 | . 28 4 Ballistic Gun 16 | . . 19 Ballistic Cannon 2 | . . 3 Peak Build Rating 18 | 7 7 18 Average Rating 12 | 4 7 13 On Entrance 4 | . 7 7 Avg Prop Armor Cover (%) 2 | . . 2 Naked Turns . | . . . Heaviest Build 30 | 13 18 30 Greatest Support 40 | 20 20 40 Greatest Overweight (x) 9 | 1 . 9 Average Overweight (x) 2 | . . 2 Largest Inventory Capacity 10 | 8 10 10 Average Capacity 7 | 7 9 6 Most Carried 10 | 8 8 10 Average Carried 6 | 4 7 5 Final Capacity 10 | 8 10 5 Final Carried 8 | 4 8 3 Class Distribution -------------------- 50% | Subdweller-Mutant 49% | Mutant Dominant Class ---------------- Mutant | -10/Materials Subdweller-Mutant | -10/Subcaves Resources | -11 -10 -10 ----------- Run | Yrd Mat Sub Matter Collected 731 | 212 52 467 Remotely . | . . . Salvage Created 432 | 19 34 379 Parts 20 | 2 4 14 Haulers Intercepted . | . . . Recyclers Shooed . | . . . Parts Field Recycled . | . . . Retrieved Matter . | . . . Parts Self-Destructed 19 | . . 19 Prevented . | . . . Parts Restored . | . . . Kills | -11 -10 -10 ------- Run | Yrd Mat Sub Combat Hostiles Destroyed 13 | . 2 11 Guns 9 | . 2 7 Cannons 3 | . . 3 Classes Destroyed 3 | 1 1 1 Tunneler 1 | 1 . . Swarmer 2 | . 2 . Subdweller 11 | . . 11 Best Kill Streak 3 | 1 2 3 Combat Bots Only 3 | . 2 3 Max Kills in Single Turn 1 | 1 1 1 Gunslinging . | . . . Exploded . | . . . Melee . | . . . Uniques/NPCs Destroyed . | . . . Combat | -11 -10 -10 -------- Run | Yrd Mat Sub Hostile Shots Fired 110 | . 13 97 Missed 39 | . 5 34 Hits 71 | . 8 63 Projectile 71 | . 8 63 Critical Strikes 1 | . . 1 Actively Blocked 1 | . . 1 Damage Taken 1476 | . 60 1416 Core 264 | . 30 234 Absorbed by Shields . | . . . Redirected to Shielding 29 | . . 29 Core Remaining (%) 100 | 100 . . Volleys Fired 68 | 1 4 63 Largest 2 | 2 2 2 Hottest 80 | 80 80 80 Shots Fired 115 | 2 8 105 Gun 74 | 2 8 64 Cannon 41 | . . 41 Launcher . | . . . Special . | . . . Kinetic 95 | . . 95 Thermal . | . . . Explosive . | . . . Electromagnetic 20 | 2 8 10 Robot Hit Streak 17 | 2 2 17 Robot Miss Streak 4 | . 4 4 Penetration Max . | . . . Secondary Targets . | . . . Shots Hit Robots 77 | 2 2 73 Core Hits 24 | 1 2 21 Critical Kills 1 | . . 1 Critical Parts Destroyed . | . . . Critical Strikes 2 | . . 2 Destroy 2 | . . 2 Melee Attacks . | . . . Impact . | . . . Slashing . | . . . Piercing . | . . . Sneak Attacks . | . . . Combat Hostiles . | . . . Follow-up Attacks . | . . . Damage Inflicted 1380 | 25 47 1308 Guns 886 | 25 47 814 Cannons 494 | . . 494 Explosions . | . . . Melee . | . . . Ramming . | . . . Kinetic 1200 | . . 1200 Thermal . | . . . Explosive . | . . . Electromagnetic 180 | 25 47 108 Impact . | . . . Slashing . | . . . Piercing . | . . . Highest Corruption . | . . . Average Corruption . | . . . Corruption Purged . | . . . Corruption Blocked . | . . . Overload Shots . | . . . Overflow Damage . | . . . Projectiles . | . . . Explosions . | . . . Melee . | . . . Knockbacks 10 | . . 10 Impact . | . . . Kinetic 10 | . . 10 Secondary . | . . . Self-Inflicted Damage . | . . . Shots . | . . . Rammed . | . . . Targets Rammed . | . . . Kicked . | . . . Crushed . | . . . Highest Temperature 54 | 18 54 . Average Temperature 23 | 12 25 . Received Heat Transfer 177 | . . 177 Siege Activations . | . . . Martial Activations . | . . . Shielding Activations . | . . . Robots Disrupted . | . . . Combat Hostiles . | . . . Robots Corrupted 1 | . . 1 Combat Hostiles 1 | . . 1 Parts Fried 1 | . . 1 Impact Corruptions . | . . . Robots Melted . | . . . Combat Hostiles . | . . . Parts Melted . | . . . Heat Transferred . | . . . Parts Sabotaged . | . . . Parts Stolen . | . . . Parts Stripped . | . . . Power Chain Reactions . | . . . Alert | -11 -10 -10 ------- Run | Yrd Mat Sub Maximum Alert Level . | . . . Low Security (%) 100 | 100 100 . Level 1 . | . . . Level 2 . | . . . Level 3 . | . . . Level 4 . | . . . Level 5 . | . . . High Security . | . . . Max Security . | . . . Peak Influence 65 | 5 65 . Initial . | . . . Average 7 | . 9 . Influence Increases 70 | 5 65 . Destroy 0b10 Robot/C 40 | . 40 . Destroy 0b10 Robot/NC 5 | 5 . . Destroy Leader 10 | . 10 . Lose Combat Pursuer 15 | . 15 . Influence Decreases 70 | 5 65 . Time Decay 70 | 5 65 . Squads Dispatched . | . . . Investigation . | . . . Extermination . | . . . Reinforcement . | . . . Assault . | . . . Garrison . | . . . Intercept . | . . . Searches Triggered . | . . . Construction Impeded . | . . . Haulers Reinforced . | . . . Active Scanning Responses . | . . . Cargo Convoy Interrupts . | . . . Stealth | -11 -10 -10 --------- Run | Yrd Mat Sub Distress Signals . | . . . Communications Jammed . | . . . Distress Signals . | . . . Times Spotted 22 | . 6 16 Peak Tracking Total 4 | . 4 4 Tactical Retreats 1 | . 1 . Traps | -11 -10 -10 ------- Run | Yrd Mat Sub Traps Triggered 1 | . . 1 Indirectly . | . . . Trap Hack Attempts . | . . . Triggered . | . . . Disarmed . | . . . Reprogrammed . | . . . Reused . | . . . Traps Extracted . | . . . Installed . | . . . Triggered . | . . . Machines | -11 -10 -10 ---------- Run | Yrd Mat Sub Machines Disabled 1 | . . 1 Max in Single Turn 1 | . . 1 Machines Repaired . | . . . Machines Dismantled . | . . . Machines Sabotaged . | . . . Overloaded Fab Kills . | . . . Hacking | -11 -10 -10 --------- Run | Yrd Mat Sub Machines Accessed 5 | . 3 2 Terminals 3 | . 3 . Fabricators . | . . . Repair Stations . | . . . Recycling Units . | . . . Scanalyzers . | . . . Garrison Access . | . . . Total Hacks 11 | . 5 6 Successful 10 | . 4 6 Failed 1 | . 1 . Catastrophic 1 | . 1 . Database Lockouts . | . . . Manual 5 | . 5 . Terminals 5 | . 5 . Fabricators . | . . . Repair Stations . | . . . Recycling Units . | . . . Scanalyzers . | . . . Garrison Access . | . . . Terminal Hacks 9 | . 3 6 Record 5 | . . 5 Robot Analysis 2 | . 2 . Hauler Manifests 1 | . 1 . Proto ID Catalog 1 | . . 1 Fabricator Hacks . | . . . Repair Station Hacks . | . . . Recycling Unit Hacks . | . . . Scanalyzer . | . . . Garrison Access Hacks . | . . . Unauthorized Hacks 1 | . 1 . Terminals 1 | . 1 . Skim 1 | . 1 . Fabricators . | . . . Repair Stations . | . . . Recycling Units . | . . . Scanalyzers . | . . . Garrison Access . | . . . Data Cores Recovered . | . . . Used . | . . . Hacking Detections 2 | . 2 . Full Trace Events . | . . . Feedback Events . | . . . Feedback Blocked . | . . . Robot Schematics Acquired . | . . . Robots Built . | . . . Authchips . | . . . Time . | . . . Total Robot Build Rating . | . . . Part Schematics Acquired . | . . . Parts Built . | . . . Authchips . | . . . Time . | . . . Total Part Build Rating . | . . . Part Studies Acquired . | . . . Parts Repaired . | . . . Time . | . . . Parts Recycled . | . . . Recycled Matter . | . . . Retrieved Matter . | . . . Retrieved Components . | . . . Parts Scanalyzed . | . . . Part Schematics Acquired . | . . . Parts Damaged . | . . . Bothacking | -11 -10 -10 ------------ Run | Yrd Mat Sub Used RIF Installer . | . . . Robots Hacked . | . . . Non-combat . | . . . Combat . | . . . Robot Hacks Applied . | . . . Relay Couplers Released . | . . . Fabnet Peak Effective % . | . . . Robots Rewired . | . . . Allies Hacked . | . . . Hacks Repelled . | . . . Allies | -11 -10 -10 -------- Run | Yrd Mat Sub Total Allies . | . . . Largest Group . | . . . Highest-Rated Group . | . . . Highest-Rated Ally . | . . . Total Orders . | . . . Ally Attacks . | . . . Total Damage . | . . . Kills . | . . . Allies Corrupted . | . . . Allies Melted . | . . . Intel | -11 -10 -10 ------- Run | Yrd Mat Sub Active Infowar (turns) 927 | 27 459 441 Seismic 927 | 27 459 441 Robot Analysis Total 2 | . 2 . Derelict Logs Recovered . | . . . Drone Launches . | . . . Drone Recoveries . | . . . Exploration | -11 -10 -10 ------------- Run | Yrd Mat Sub Turns Passed 3225 | 67 459 2699 Spaces Moved 1237 | 49 195 993 Core 305 | 22 . 283 Treads 414 | . . 414 Legs 222 | 27 195 . Wheels 296 | . . 296 Hover . | . . . Flight . | . . . Fastest Speed 50 | 50 120 110 Average Speed 218 | 97 120 243 Slowest Speed 500 | 120 120 500 Overloaded Moves . | . . . Propulsion Burnouts . | . . . Robots Hopped . | . . . Potential Cave-ins . | . . . Cave-ins Triggered . | . . . Exploration Rate (%) 38 | 3 47 66 Regions Visited 2 Branch Regions 1 Pre-discovered Areas 2 | . . 2 Known Exits Taken . | . . . Unknown Exits Taken 2 | 1 1 . Scrap Searched 4 | . . 4 Spaces Dug . | . . . Terrain Destroyed 1 | . . 1 Melee . | . . . Projectile 1 | . . 1 AOE . | . . . Terrain Rammed . | . . . Walls Destroyed . | . . . Machines Disabled . | . . . Actions | -11 -10 -10 --------- Run | Yrd Mat Sub Total 1649 | 65 412 1172 Wait 271 | . 207 64 Move 1235 | 48 194 993 Hop . | . . . Pick Up 27 | 9 5 13 Fast Attach 4 | 2 . 2 Attach 12 | 5 . 7 Detach . | . . . Swap 11 | . 1 10 Drop 17 | . 1 16 Fire 68 | 1 4 63 Melee . | . . . Ram . | . . . Kick . | . . . Crush . | . . . Escape Stasis . | . . . Rewire . | . . . Trap . | . . . Miscellaneous 4 | . . 4 Route ------- -11/Scrapyard -10/Materials (discovered 3 exits: [*Mat] / [*Min] / *Sub) -10/Subcaves History --------- Turn | Location | Event 10 | -11/Scrapyard | Discovered new exit (range 15) 68 | -11/Scrapyard | Entered Materials 164 | -10/Materials | Discovered new exit (range 12) 216 | -10/Materials | Discovered new exit (range 16) 301 | -10/Materials | Build established: Mutant 516 | -10/Materials | Discovered new exit (range 9) 527 | -10/Materials | Entered Subcaves 528 | -10/Subcaves | Approached by a straggling Scientist 881 | -10/Subcaves | Learned location of Zion (-7) 881 | -10/Subcaves | Met a Zionite searching for "candidates" 912 | -10/Subcaves | Shifting Twisted Machinery released Sub. Machine Gun 948 | -10/Subcaves | Shifting Twisted Machinery released Battle Cannon 1335 | -10/Subcaves | Visited 4L-MR0's lab 1357 | -10/Subcaves | Core integrity fell below 50% 1396 | -10/Subcaves | Lost 4 parts (1p2n1w) 1399 | -10/Subcaves | Found Powered Cannon 1503 | -10/Subcaves | A swath of the cavern ceiling suddenly collapsed 1593 | -10/Subcaves | Core integrity fell below 20% 1632 | -10/Subcaves | Visited Clippyterm 1636 | -10/Subcaves | Learned location of Deep Caves (-7) 1636 | -10/Subcaves | Learned Factory fabricator intel 1795 | -10/Subcaves | A swath of the cavern ceiling suddenly collapsed 1904 | -10/Subcaves | Build established: Subdweller-Mutant 3148 | -10/Subcaves | Shifting Twisted Machinery released Sub. Machine Gun 3226 | -10/Subcaves | Destroyed by 4J-ORQ(R) with Subdweller Machine Gun Last Messages --------------- Source, destroying it. 03064_ Acquired 20 matter. 03074_ Scrap Shield Fragment affixed to Scrap Shield (+27). 03085_ Acquired Sub. Monowheel. 03087_ Dropped Broken Sub. Monowheel. 03125_ Acquired 10 matter. Sub. Machine Gun falls loose from the Twisted Machinery. 03209_ OW-1LI(R) knocked back. 03212_ 5X-530(R) knocked back. 03218_ 44-9GT(R) knocked back. 03220_ OW-1LI(R) destroyed. 03221_ 44-9GT(R) knocked back. 03224_ Sub. Machine Gun destroyed. 03224_ 44-9GT(R) knocked back. 03225_ Subatomizers dissect the Sub. Power Source. 03226_ Scrap Shield destroyed. 03226_ Dropped Battle Cannon. Map ----- +----------------------------------------------------+ | ?????????????????????????????????????????????????? | | ?????????????????????????????????????????????????? | | ?????????????????????????????????????????????????? | | ?????????????????????????????????????????????????? | | ?????????????????????????????????????????????????? | | ??????????????????????????#??????????????????????? | | ?????????????????????????? ??????????????????????? | | ???????????????????????? ??????????????????????? | | ????????????????????????"" ??????????????????????? | | ???????????????????????"" ???????????#"?????????? | | ??????????????????????? "####??????"" ?????#" ? | | ???????????????????????? "# " #?????" ??###""? | | ???????????????????????? " ###?"? ## #" ? | | ????????????????????????# " # ""? ? #? | | ????????????????????????? " ? "" ## | | ?????????????????????????# #?# ## ? # # | | ?????????????????????????# #?# ### ?? | | ???????????????????????### ### #?# ??? | | ?????????? ### ## # ## #??# ???? # | | ?????????? % ## ##### ##### | | ?????????????????##### ### #" ;;;### | | ?????????????????????????## #" # # % | | ??????????????????????????# ; % | | ??????????????????????????# ; ; # # | | ????????????????????????### ; %;;### ## | | ????????????????????????#@* R # "##?# ##% | | ????????????????????????#&R ###??# ### % | | ????????????????????????##R%% #????###### # | | ?????????????????????????### ##???????## % | | ???????????????????????????########????????# | | ??????????????????????????????????????????# | | ?????????????????????????????????????????# | | ?????????????????????????????????????????# | | ?????????????????????????????????????????#### | | ????????????????????????????????????????????## | | ?????????????????????????????????????????????# | | ????????????????????????????????????????????? | | ???????????????????????????????????????????? | | ??????????????????????????????????????????? | | ?????????????????????????????????????????? % | | ????????????????????????????????????????? %## | | ????????????????????????????????????????? ??# | | ??????????????????????????????????????????? ??? | | ?????????????????????????????????????????????????? | | ?????????????????????????????????????????????????? | | ?????????????????????????????????????????????????? | | ?????????????????????????????????????????????????? | | ?????????????????????????????????????????????????? | | ?????????????????????????????????????????????????? | | ?????????????????????????????????????????????????? | +----------------------------------------------------+ Best States ------------- Heat Dissipation 25 Energy Generation 15 Energy Capacity 250 Matter Stores 300 Matter Capacity 300 Sight Range 16 Terrain Scan Density 10 Armor Coverage 800 Core Shielding 20 Evasion (%) 55 Recoil Reduction 2 Item Schematics ----------------- None Robot Schematics ------------------ None Fabricated ------------ Nothing Repaired ---------- Nothing Studied --------- None Alien Tech Used ----------------- None Achievements -------------- None Challenges ------------ None Game ------ Seed LongswordMicroScythe Manual? 0 Play Time 00:17:47 Cumulative 399.2 hours Start 2026.07.17 @ 17:16:18 End 2026.07.17 @ 18:14:17 Sessions 1 Manual Loads 0 Difficulty Rogue Special Mode None Game No. 548 Rogue 530 Adventurer 18 Explorer 0 Win Type - Total 1 Types 1/0/0/0/0/0/0/0/0/0 Lore% 56 Gallery% 59 Achievement% 47 Wizard Run 0 Options --------- Layout 1 ASCII 0 Keyboard 0 Movement Mouse Keybinds 0 Fullscreen 1 Font 24/Smallcaps Map View 50x40 Zoom Use 0% Tactical HUD 1 Map Filters NONE Filters NONE Steam 1 RUN: b9912ba0-cb6a-48af-89b5-5cebf45c5897